 Dungeon Crawl Stone Soup version 0.29.1 (webtiles) character file.

Game seed: 698851809351524508

1408 raistware the Thaumaturge (level 8, 0/46 HPs)
             Began as an Octopode Conjurer on Sept 14, 2022.
             Succumbed to a kobold brigand's poison
             ... on level 6 of the Dungeon.
             The game lasted 00:16:08 (6406 turns).

raistware the Thaumaturge (Octopode Conjurer)       Turns: 6406, Time: 00:16:09

Health: 0/46       AC:  1    Str: 12    XL:     8   Next: 70%
Magic:  2/20       EV: 17    Int: 22    God:
Gold:   96         SH:  0    Dex: 11    Spells: 18/23 levels left

rFire   . . .      SeeInvis .   i - +4 short sword
rCold   . . .      Faith    .   (no shield)
rNeg    . . .      Spirit   .   (helmet restricted)
rPois   .          Reflect  .   (no amulet)
rElec   .          Harm     .   r - +6 ring of strength
rCorr   .          Rampage  .   y - +4 ring of evasion
Will    +....                   k - ring of willpower
Stlth   +++.......              (no ring)
HPRegen 0.15/turn               (no ring)
MPRegen 0.17/turn               (no ring)
                                (no ring)
                                (no ring)

@: lethally poisoned (0 -> -32), marked
A: almost no armour, amphibious, 8 rings, camouflage 1, gelatinous body 1,
(nimble swimmer 1), tentacles
a: no special abilities


You were on level 6 of the Dungeon.
You visited 1 branch of the dungeon, and saw 6 of its levels.

You collected 279 gold pieces.
You spent 183 gold pieces at shops.

Inventory:

Hand Weapons
 i - a +4 short sword (weapon)
Missiles
 u - 13 poisoned darts
Jewellery
 k - a ring of willpower (on tentacle)
 r - a +6 ring of strength (left tentacle)
 y - a +4 ring of evasion (right tentacle)
Scrolls
 c - a scroll of butterflies {unknown}
 d - 2 scrolls of poison {unknown}
 e - 2 scrolls of enchant armour {unknown}
 f - 3 scrolls of magic mapping
 g - a scroll of noise {unknown}
 j - 2 scrolls of amnesia {unknown}
 l - a scroll of fear {unknown}
 o - 3 scrolls of teleportation {unknown}
 p - 4 scrolls of vulnerability {unknown}
 s - 5 scrolls of torment {unknown}
 t - a scroll of enchant weapon {unknown}
 w - 2 scrolls of immolation {unknown}
 x - a scroll of summoning {unknown}
Potions
 a - 4 potions of magic
 b - a potion of mutation {unknown}
 h - 2 potions of might
 m - 2 potions of curing
 n - 2 potions of flight
 q - 2 potions of resistance
 v - a potion of attraction {unknown}
 z - a potion of invisibility {unknown}


   Skills:
 - Level 2.0 Dodging
 - Level 3.0 Stealth
 - Level 8.0 Spellcasting
 + Level 6.9 Conjurations
 - Level 2.0 Translocations


You had 18 spell levels left.
You knew the following spells:

 Your Spells              Type           Power      Damage    Failure   Level
a - Magic Dart            Conj           100%       1d8       1%          1
b - Iskenderun's Mystic   Conj/Tloc      28%        2d7       12%         4

Your spell library contained the following spells:

 Spells                   Type           Power      Damage    Failure   Level
 Searing Ray              Conj           78%        2d7       1%          2
 Blink                    Tloc           34%        N/A       4%          2
 Dazzling Flash           Conj/Hex       48%        N/A       5%          3
 Lesser Beckoning         Tloc           17%        N/A       10%         3
 Fulminant Prism          Conj/Hex       12%        3d9       19%         4
 Manifold Assault         Tloc           17%        N/A       65%         5


Dungeon Overview and Level Annotations

Branches:
Dungeon (6/15)
 Temple: D:4-7

Altars:
Fedhas
The Shining One

Shops:
D:3 =**   D:4 !   D:5 !


Innate Abilities, Weirdness & Mutations

You cannot wear most types of armour.
You are amphibious.
You can wear up to eight rings at the same time.
Your skin changes colour to match your surroundings (Stealth+).
Your rubbery body absorbs attacks. (AC +1, EV +1)
((You are camouflaged when in or above water. (Stealth+)))
You have tentacles for arms and can constrict up to eight enemies at once.


Message History

The spell is quite dangerous to miscast (13% risk of failure)!
Continue anyway?
You erupt in a blast of force!
The mystic blast hits the adder!
The adder is almost dead.
The adder is knocked back by the mystic blast.
The adder slams into the rock wall!
You kill the adder!
The mystic blast hits the water moccasin!
The water moccasin is almost dead.
The water moccasin is knocked back by the mystic blast.
You feel extremely sick.
The kobold brigand throws a poisoned dart.
The poisoned dart barely misses you.
Unknown command.
You feel very sick.
The water moccasin attacks as you move away!
The water moccasin closely misses you.
* * * LOW HITPOINT WARNING * * *
You feel very sick.
The kobold brigand throws a poisoned dart.
The poisoned dart hits you!
You are more poisoned.
There is a stone staircase leading up here.
Casting: Iskenderun's Mystic Blast (quite dangerous; 13% risk of failure)
Confirm with . or Enter, or press ? or * to list all spells.
The spell is quite dangerous to miscast (13% risk of failure)!
Continue anyway?
You erupt in a blast of force!
The mystic blast hits the ogre!
The ogre is moderately wounded.
The ogre is knocked back by the mystic blast.
The mystic blast hits the water moccasin.
The water moccasin is almost dead.
The water moccasin is knocked back by the mystic blast.
The water moccasin collides with the water moccasin!
The water moccasin is lightly wounded.
You kill the water moccasin!
* * * LOW HITPOINT WARNING * * *
You feel very sick.
The kobold brigand throws a poisoned dart.
The poisoned dart hits you!
You are more poisoned.
You die...

.#####.#...##.#
#.##.###K##
#.##.##...#
#.#...#...#
#.........####
..........l.....#
#.##.......OS...#
. ...#..........#
.#####.##...#@##
. #.##[..#†#
#.##...#.. #.
##...... ####....
#.#.#. #.#....
....#.##


You could see a water moccasin, a kobold brigand, an ogre and an iguana.

Vanquished Creatures
  A water moccasin (D:6)
  An ice beast (D:5)
  A black bear (D:5)
  2 ogres (D:5)
  A centaur (D:5)
  A gnoll sergeant (D:4)
  A necrophage (D:5)
  2 scorpions (D:4)
  2 hounds
  2 jellies
  2 orc priests (D:4)
  An iguana (D:4)
  5 orc wizards
  15 gnolls
  6 adders
  An ufetubus (D:6)
  2 worms (D:2)
  14 orcs
  5 bats
  7 endoplasms
  4 giant cockroaches
  3 goblins
  3 hobgoblins
  7 jackals
  3 quokkas
  5 ball pythons
  2 frilled lizards
  8 kobolds
  3 rats
110 creatures vanquished.

Notes
Turn   | Place    | Note
-------+----------+-------------------------------------------
     0 | D:1      | raistware the Octopode Conjurer began the quest for the
                  | Orb.
     0 | D:1      | Reached XP level 1. HP: 11/11 MP: 3/3
   192 | D:1      | Reached XP level 2. HP: 8/17 MP: 0/5
   746 | D:1      | Reached skill level 3 in Spellcasting
  1095 | D:1      | Reached XP level 3. HP: 7/21 MP: 1/7
  1793 | D:2      | Found a faded altar of an unknown god.
  1943 | D:2      | Reached XP level 4. HP: 27/27 MP: 5/9
  2074 | D:2      | Found a glowing golden altar of the Shining One.
  2193 | D:2      | Learned a level 4 spell: Iskenderun's Mystic Blast
  2217 | D:3      | Found Koytotei's Assorted Antiques.
  2222 | D:3      | Reached skill level 4 in Spellcasting
  2342 | D:3      | Bought an emerald potion for 19 gold pieces
  2342 | D:3      | Bought a scroll labelled ANWUORGH IZOA for 22 gold pieces
  2342 | D:3      | Bought a scroll labelled JUUCUU HEAMU for 22 gold pieces
  2342 | D:3      | Bought 2 scrolls labelled NOPRUOMAOSM for 44 gold pieces
  2352 | D:3      | Reached skill level 1 in Translocations
  2396 | D:3      | You fall into a shaft and drop 2 floors!
  2396 | D:5      | Entered Level 5 of the Dungeon
  2416 | D:5      | Noticed a necrophage
  2449 | D:5      | Killed a necrophage
  2450 | D:5      | Reached XP level 5. HP: 31/31 MP: 7/11
  2632 | D:5      | Noticed an ice beast
  2684 | D:5      | Noticed a black bear
  2721 | D:5      | Killed an ice beast
  2722 | D:5      | Reached skill level 5 in Spellcasting
  2722 | D:5      | Reached XP level 6. HP: 36/36 MP: 8/14
  2954 | D:5      | Reached skill level 6 in Spellcasting
  3244 | D:4      | Found Kuwood's Distillery.
  3251 | D:4      | Bought a potion of curing for 33 gold pieces
  3340 | D:4      | Reached XP level 7. HP: 41/41 MP: 12/16
  3490 | D:3      | Found Otiden's General Store.
  3498 | D:3      | Bought a scroll of identify for 28 gold pieces
  4125 | D:3      | Found Quruxima's Jewellery Emporium.
  4421 | D:4      | Reached skill level 7 in Spellcasting
  4960 | D:4      | Reached XP level 8. HP: 32/46 MP: 10/19
  5081 | D:5      | Reached skill level 8 in Spellcasting
  5344 | D:4      | Reached skill level 5 in Conjurations
  5876 | D:5      | Found a blossoming altar of Fedhas.
  6116 | D:5      | Found Lefytud's Distillery.
  6132 | D:5      | Bought a potion of degeneration for 15 gold pieces
  6406 | D:6      | Succumbed to a kobold brigand's poison

Illustrated notes

Levels and vault maps discovered:
D:1:      amcnicky_arrival_flooded_fountain, layout_basic
D:2:      layout_rooms, basic_altar, ebering_ecumenical_altar_mist,
          grunt_ministairs_15, nicolae_wormholes
D:3:      layout_basic, serial_shops, nicolae_shop_stone, nicolae_shop_crystal,
          nicolae_shop_hallway_stairs, glass_columns_c
D:4:      layout_cave_pools, serial_shops, nicolae_shop_hallway_plus
D:5:      layout_loops_ring, fedhas_altar_4, serial_shops, shop
D:6:      layout_loops_ring, tgw_sif, minmay_temple_entry_butterflies,
          uniq_grinder, uniq_crazy_yiuf_cottage

Skill      XL: |  1  2  3  4  5  6  7  8 |
---------------+-------------------------+-----
Spellcasting   | 3 4 5 6 7 8 |  8.0
Translocations | 2 |  2.0
Stealth        | 3 |  3.0
Conjurations   | 6 |  6.9
Dodging        | |  2.0

Action                   |  1- 3 |  4- 6 |  7- 9 || total
-------------------------+-------+-------+-------++-------
Melee: Unarmed           |    14 |       |       ||    14
       Constrict         |     6 |     7 |     7 ||    20
       Tentacles         |     5 |     6 |     6 ||    17
       Short sword       |     2 |    29 |    38 ||    69
       Punch             |       |       |     1 ||     1
Throw: Dart              |       |     2 |       ||     2
 Cast: Magic Dart        |    76 |    53 |    88 ||   217
       Iskenderun's Myst |       |     3 |    26 ||    29
Evoke: Wand              |       |     3 |     6 ||     9
  Use: Scroll            |       |       |     5 ||     5
       Potion            |       |       |     5 ||     5
 Stab: Sleeping          |     1 |       |     2 ||     3
       Distracted        |       |     1 |       ||     1
Armor: Skin              |     4 |     5 |    16 ||    25
Dodge: Dodged            |    23 |    20 |    51 ||    94
